 Dungeon Crawl Stone Soup version 0.31.0-11-ge490571c62 (webtiles) character file.

Game seed: 10729263546928194618

527 Killerpretzel the Changeling (level 7, -2/46 HPs)
             Began as an Octopode Shapeshifter on Feb 7, 2024.
             Was an Initiate of Gozag.
             Slain by a white imp (5 damage)
             ... on level 5 of the Dungeon.
             The game lasted 00:08:16 (3186 turns).

Killerpretzel the Changeling (OpSh)                 Turns: 3186, Time: 00:08:17

Health: -2/46      AC:  1    Str: 14    XL:     7   Next: 23%
Magic:  7/7        EV: 14    Int: 12    God:    Gozag
Gold:   153        SH:  0    Dex: 13    Spells: 6/6 levels left

rFire   . .          .
                       - Unarmed
rCold   . . .        (no shield)
rNeg    . . .        (helmet currently unavailable)
rPois   .            (no amulet)
rElec   .            (no ring)
rCorr   .            (no ring)
SInv    .            (no ring)
Will    .....        (no ring)
Stlth   ++           (no ring)
HPRegen 0.27/turn    (no ring)
MPRegen 0.10/turn    (no ring)
                     (no ring)

%: no passive effects
@: beast-form, gold aura
A: beast (slay +3), almost no armour, amphibious, 8 rings, camouflage 1,
gelatinous body 1, (nimble swimmer 1), tentacles
a: Begin Untransformation, Renounce Religion, Potion Petition, Call Merchant,
Bribe Branch


You were on level 5 of the Dungeon.
You worshipped Gozag.
Gozag was aware of your devotion.
You were a hulking beast.
You visited 2 branches of the dungeon, and saw 6 of its levels.

You collected 204 gold pieces.
You paid 51 gold pieces to Gozag.

Inventory:

Talismans
 b - a beast talisman
 c - a flux talisman
Scrolls
 g - a scroll of identify
Potions
 a - a potion of lignification
 d - a potion of heal wounds {unknown}
 e - a potion of ambrosia {unknown}
 f - a potion of degeneration {unknown}
 h - 2 potions of haste
 i - a potion of curing
 j - a potion of invisibility {unknown}
 k - a potion of might {unknown}


   Skills:
 + Level 3.2 Fighting
 + Level 3.7 Dodging
 + Level 4.3 Unarmed Combat
 * Level 5.2 Shapeshifting


You had 6 spell levels left.
You didn't know any spells.
Your spell library contained the following spells:

 Spells                   Type           Power      Damage    Failure   Level
 Cause Fear               Hex            0%         N/A       97%         4
 Fireball                 Conj/Fire      0%         3d3       100%        5
 Dragon's Call            Summ           0%         N/A       100%        9


Dungeon Overview and Level Annotations

Branches:
Dungeon (5/15)             Temple (1/1) D:4

Altars:
Cheibriados
Dithmenos
Elyvilon
Gozag
Kikubaaqudgha
Makhleb
Okawaru
Qazlal
Sif Muna
Trog
Uskayaw
Vehumet
Wu Jian
Xom
Yredelemnul
Zin
The Shining One

Shops:
D:2 :

Annotations:
D:4 Dowan, Duvessa
D:5 3 runed translucent doors


Innate Abilities, Weirdness & Mutations

You are a hulking beast.
Your limbs bulge with bestial killing power. (Slay +3)
You cannot wear most types of armour.
You are amphibious.
You can wear up to eight rings at the same time.
Your skin changes colour to match your surroundings (Stealth+).
Your rubbery body absorbs attacks. (AC +1, EV +1)
((You are camouflaged when in or above water. (Stealth+)))
You have tentacles for arms and can constrict up to eight enemies at once.


Message History

The orc priest misses you.
You barely miss the orc priest. You grab the orc priest.
You squeeze the orc priest.
You kill the orc priest!
You feel sick. The white imp closely misses you.
The orc priest mumbles some strange prayers to Beogh against you.
You struggle to resist.
You tentacle-slap the orc priest. You grab the orc priest.
The orc priest is moderately wounded.
You constrict the orc priest, but do no damage.
You feel sick. The white imp closely misses you.
The orc priest hits you with a +0 dagger of venom.
You are more poisoned.
You tentacle-slap the orc priest.
The orc priest is moderately wounded.
You constrict the orc priest.
You feel very sick. The water moccasin bites you. The white imp misses you.
The orc priest misses you.
You completely miss the orc priest. Your squeeze misses the orc priest.
The orc priest is heavily wounded.
You constrict the orc priest.
You feel very sick. The water moccasin bites you!
* * * LOW HITPOINT WARNING * * *
You bludgeon the orc priest!
You kill the orc priest!
* * * LOW HITPOINT WARNING * * *
You feel very sick. The water moccasin misses you. The white imp hits you.
* * * LOW HITPOINT WARNING * * *
The white imp freezes you.
* * * LOW HITPOINT WARNING * * *
You feel better. The water moccasin bites you!
* * * LOW HITPOINT WARNING * * *
The white imp hits you.
* * * LOW HITPOINT WARNING * * *
The white imp freezes you.
You die...
Your body crumbles into a pile of gold.

#####...###...#
###.......#
#...###.## #...#
#...# #...# #...#
####?..###.##..
.........h$......
........5$S.....#
...............##
.#####...#######
#...# #...# #...#
#...


You could see a water moccasin and a white imp.

Vanquished Creatures
  A scorpion (D:5)
  A hound (D:5)
  3 orc priests
  A bombardier beetle (D:3)
  3 iguanas
  3 orc wizards
  4 gnolls (D:3)
  4 adders
  3 dart slugs
  2 ribbon worms
  10 orcs
  3 bats (D:3)
  4 endoplasms
  4 giant cockroaches
  7 goblins
  3 hobgoblins
  2 jackals (D:3)
  6 kobolds
  4 quokkas
  5 ball pythons
  2 frilled lizards (D:1)
  5 rats
80 creatures vanquished.

Notes
Turn   | Place    | Note
-------+----------+-------------------------------------------
     0 | D:1      | Killerpretzel the Octopode Shapeshifter began the quest for
                  | the Orb.
     0 | D:1      | Reached XP level 1. HP: 13/13 MP: 1/1
   162 | D:1      | Reached XP level 2. HP: 18/18 MP: 2/2
   296 | D:1      | Found a faded altar of an unknown god.
   340 | D:1      | You fall into a shaft and drop 1 floor!
   424 | D:2      | Reached XP level 3. HP: 12/23 MP: 3/3
   520 | D:2      | Found Iteap's Book Shop.
   943 | D:2      | Reached XP level 4. HP: 12/29 MP: 4/4
  1096 | D:3      | Reached skill level 4 in Shapeshifting
  1180 | D:3      | Reached XP level 5. HP: 16/34 MP: 5/5
  1706 | D:3      | Found a burning altar of Makhleb.
  2110 | D:4      | Reached XP level 6. HP: 27/41 MP: 6/6
  2350 | D:4      | Noticed Dowan
  2350 | D:4      | Noticed Duvessa
  2465 | D:4      | Found a staircase to the Ecumenical Temple.
  2476 | Temple   | Entered the Ecumenical Temple
  2561 | Temple   | Became a worshipper of Gozag Ym Sagoz the Greedy
  2763 | D:5      | Entered Level 5 of the Dungeon
  2770 | D:5      | Noticed a black bear
  2838 | D:5      | Found a runed translucent gate.
  2838 | D:5      | Found a runed translucent gate.
  2838 | D:5      | Found a runed translucent gate.
  2950 | D:5      | Noticed a water moccasin
  2974 | D:5      | Reached skill level 5 in Shapeshifting
  2979 | D:5      | Reached XP level 7. HP: 6/46 MP: 7/7
  3186 | D:5      | Slain by a white imp

Illustrated notes

Levels and vault maps discovered:
D:1:      elethiomel_arrival_shortcut, layout_rooms,
          ebering_ecumenical_altar_rust, serial_aquarium, aquarium_bridge_square
          [aquarium_subvault_wall, aquarium_subvault_wall,
          aquarium_subvault_bridge, aquarium_subvault_wall], aquarium_window_3,
          aquarium_window_1, aquarium_view_2c, aquarium_pool_four
D:2:      layout_rooms, serial_shops, shop
D:3:      layout_basic, bloody_makhleb, grunt_ministairs_14,
          grunt_decor_junction
D:4:      layout_loops_ring, fedhas_altar_4, minmay_temple_entry_nine_rooms,
          uniq_duvessa
D:5:      minmay_spotlight, layout_loops_cross, gammafunk_ghost_icy,
          minmay_circle_x, uniq_grinder, uniq_sigmund
Temple:   minmay_temple_bridge_d

Skill      XL: |  1  2  3  4  5  6 |
---------------+-------------------+-----
Fighting       | 2 3 |  3.2
Shapeshifting  | 4 5 |  5.2
Dodging        | 3 |  3.7
Unarmed Combat | 4 |  4.3

Action                     |  1- 3 |  4- 6 |  7- 9 || total
---------------------------+-------+-------+-------++-------
  Melee: Unarmed           |    53 |   111 |    11 ||   175
         Constrict         |    12 |    23 |     3 ||    38
         Tentacles         |     7 |    27 |     3 ||    37
         Punch             |     1 |     2 |       ||     3
    Use: Potion            |     1 |       |     1 ||     2
         Scroll            |       |     5 |       ||     5
   Stab: Sleeping          |     8 |     3 |       ||    11
 Armour: Skin              |    38 |    59 |     9 ||   106
  Dodge: Dodged            |    24 |    57 |     8 ||    89
